 Dungeon Crawl Stone Soup version 0.13-a0-3016-gcb2faac (webtiles) character file.

29301 Malachi the Blocker (level 13, 0/78 HPs)
             Began as a Gargoyle Fighter on Sept 14, 2013.
             Was a High Priest of Okawaru.
             Killed from afar by mathso's ghost (44 damage)
             ... with a fireball
             ... on Level 1 of the Lair of Beasts.
             The game lasted 00:56:08 (17905 turns).

Malachi the Blocker (Gargoyle Fighter)             Turns: 17905, Time: 00:56:09

HP   0/78        AC 34     Str 23      XL: 13   Next: 32%
MP  16/16        EV  6     Int 16      God: Okawaru [*****.]
Gold 1861        SH 29     Dex  9      Spells:  0 memorised, 12 levels left

Res.Fire  : . . .   See Invis. : +   Q - +4,+8 shillelagh "Devastator"
Res.Cold  : + . .   Warding    : .   U - +3 orc plate armour {rC+}
Life Prot.: + . .   Conserve   : .   c - +1 shield
Res.Poison: +       Res.Corr.  : .   W - +1 helmet {SInv}
Res.Elec. : +       Clarity    : +   z - +1 cloak {darkness}
Sust.Abil.: . .     Spirit.Shd : .   P - +0 pair of orc gauntlets
Res.Mut.  : .       Stasis     : .   (boots unavailable)
Res.Rott. : +       Flight     : .   R - amulet of clarity
Saprovore : . . .                    (no ring)
                                     E - +5 ring of intelligence

@: somewhat resistant to hostile enchantments, extremely unstealthy
A: fangs 1, talons 3, life protection 1, electricity resistance, slow metabolism
1, unbreathing, petrification resistance, AC +9
a: Heroism, Finesse, Renounce Religion, Evoke Invisibility


You were on level 1 of the Lair of Beasts.
You worshipped Okawaru.
Okawaru was exalted by your worship.
You were not hungry.

You visited 4 branches of the dungeon, and saw 19 of its levels.

You collected 2206 gold pieces.
You spent 365 gold pieces at shops.

Inventory:

Hand weapons
 f - a +2,+0 whip of flaming
 h - a +0,+1 orcish morningstar of distortion
 l - a +3,+1 whip of electrocution
 Q - the +4,+8 shillelagh "Devastator" (weapon)
   (Okawaru gifted it to you on level 4 of the Orcish Mines)
 S - a +6,+2 dwarven mace of pain
 V - the +1,+0 great mace of Tenacity {vamp, *Tele rF+, unknown}
   (Okawaru gifted it to you on level 4 of the Orcish Mines)

   It inflicts no extra harm, but heals its wielder somewhat when it strikes a
   living foe.
   It protects you from fire.
   It causes teleportation.
Missiles
 w - 43 poisoned needles
Armour
 c - a +1 shield (worn)
 z - a +1 cloak of darkness (worn)
 A - a +2 pair of dwarven boots
 P - a +0 pair of orcish gauntlets (worn)
 U - a +3 orcish plate armour of cold resistance (worn)
 W - a +1 helmet of see invisible (worn)
Magical devices
 a - a wand of teleportation (2)
 b - a wand of heal wounds (0)
 o - a wand of polymorph (8) {unknown}
 D - a wand of fire (5)
 I - a wand of lightning (4)
 L - a wand of slowing (20) {unknown}
 O - a wand of fire (5)
 Z - a wand of digging (10)
Comestibles
 d - 13 bread rations
 n - 4 meat rations
 q - 4 rotting chunks of griffon flesh
 v - a sausage
 X - a lychee
Scrolls
 e - 3 scrolls of teleportation
 j - a scroll of summoning
 k - a scroll of blinking
 m - 8 scrolls of remove curse
 y - 3 scrolls of magic mapping
 B - a scroll of identify
 C - a scroll of curse jewellery
 J - a scroll of amnesia
 Y - 2 scrolls of fog
Jewellery
 r - an uncursed ring of fire
 s - an uncursed ring of poison resistance
 E - a +5 ring of intelligence (left hand)
 F - an uncursed ring of magical power
 R - an amulet of clarity (around neck)
Potions
 g - 12 potions of curing
 i - 2 potions of might
 t - 3 potions of brilliance
 u - a potion of poison
 x - 2 potions of speed
 H - a potion of magic
 K - a potion of restore abilities
Books
 T - a Necronomicon {highlevel}

   This book is beyond your current level of understanding.

   Spells                             Type                      Level
   Borgnjor's Revivification          Necromancy                   7
   Haunt                              Necromancy/Summoning         7
   Death's Door                       Charms/Necromancy            8
   Necromutation                      Transmutation/Necromancy     8
Magical staves
 G - an uncursed staff of summoning


   Skills:
 + Level 9.2 Fighting
   Level 1.0 Long Blades
 + Level 12.0 Maces & Flails
 + Level 11.8 Armour
 - Level 0.2 Dodging
 + Level 15.0 Shields
 + Level 2.0 Invocations
 - Level 1.1 Evocations


You had 12 spell levels left.
You didn't know any spells.

Dungeon Overview and Level Annotations

Branches:
Dungeon (13/27)            Temple (1/1) D:6             Orc (4/4) D:9
    Elf (0/3) Orc:4          Lair (1/8) D:13

Altars:
Ashenzari
Cheibriados
Elyvilon
Fedhas
Kikubaaqudgha
Makhleb
Nemelex Xobeh
Okawaru
Sif Muna
Trog
Vehumet
Xom
Yredelemnul
Zin
the Shining One
Beogh

Shops:
D:6 /   D:10 /   Orc:3 *   Orc:4 [+(!

Annotations:
Lair:1 mathso's ghost, powerful DEFE


Innate Abilities, Weirdness & Mutations

You are resistant to torment.
You are immune to poison.
Your stone body is very resilient (AC +9).
You have very sharp teeth.
You have claws for feet.
You resist negative energy.
You are resistant to electric shocks.
You have a slow metabolism.
You can survive without breathing.
You are immune to petrification.


Message History

Mathso's ghost says very slowly, "There's no hope."
Mathso's ghost points at you and mumbles some strange words.
The fireball explodes!
The fireball engulfs you!
One of your 5 scrolls of teleportation catches fire!
Found a potion of speed.
Mathso's ghost gestures at you while chanting.
The fireball explodes!
The fireball engulfs you!
Your scroll of enchant weapon III catches fire!
* * * LOW HITPOINT WARNING * * *
You are too injured to fight recklessly!
You are too injured to fight recklessly!
You are too injured to fight recklessly!
Drink which item? (? for menu, Esc to quit)
You feel much better. Mathso's ghost casts a spell at you.
The fireball explodes!
The fireball engulfs you!
One of your 4 scrolls of teleportation catches fire!
One of your 2 scrolls of amnesia catches fire!
Ouch! That really hurt!
You die...

#.................
....!...............P
......................
.......................
........................
........................
......>.................
.........................
......p.@......#.....#...
####f#####....####..##.##
##....#.###...###
#(.......######
##.......## #.##...###
####.### ###


You could see mathso's ghost.

Vanquished Creatures
  An orc warlord (Orc:4)
  A hydra (D:12)
  Erica (Orc:4)
  An orc high priest (Orc:4)
  An orc knight (D:11)
  A hill giant (D:12)
  Pikel (D:6)
  A cyclops (D:9)
  4 orc sorcerers
  The ghost of epsilon the Poker, an experienced DsSk (D:6)
  A griffon (D:13)
  4 feature mimics
  An eye of devastation (D:13)
  Psyche (D:12)
  A komodo dragon (D:12)
  4 two-headed ogres
  A spriggan (D:7)
  A hydra zombie (D:9)
  Sonja (D:13)
  2 trolls (Orc:4)
  4 slime creatures (D:12)
  A griffon zombie (D:12)
  2 shadows
  4 ugly things (D:13)
  A hill giant zombie (D:12)
  A wraith (D:10)
  Eustachio (D:7)
  6 yaks
  A spiny worm zombie (D:13)
  2 hungry ghosts
  A hippogriff (Lair:1)
  Edmund (D:9)
  A necrophage (D:8)
  A soldier ant (D:10)
  A slave (D:6)
  42 orc warriors
  5 sky beasts
  2 black bears
  3 ice beasts
  11 centaurs
  9 ogres
  A crocodile (D:10)
  A big kobold (D:10)
  2 wargs (Orc:3)
  A yaktaur skeleton (D:13)
  A water moccasin (D:12)
  7 giant frogs
  A wyvern skeleton (D:6)
  2 eyes of draining
  17 killer bees
  14 wights
  2 yak skeletons
  A quasit (D:5)
  2 jellies
  40 orc wizards
  4 goliath beetles
  4 hounds
  2 iguanas
  2 giant frog skeletons
  22 orc priests
  5 crimson imps
  2 scorpions
  8 worker ants
  A killer bee zombie (D:11)
  Ijyb (D:3)
  A big kobold skeleton (D:13)
  11 adders
  2 green rats
  A giant centipede (D:13)
  2 giant mites
  A white imp (D:7)
  3 worms
  A grey rat (D:7)
  4 giant eyeballs
  7 giant geckos
  An ooze (D:4)
  225 orcs
  15 bats
  5 giant cockroaches
  20 hobgoblins
  5 jackals (D:2)
  16 kobolds
  A quokka (D:2)
  A ball python (D:1)
  6 giant newts
  A giant newt zombie (D:5)
  2 giant spores (D:12)
  22 goblins
  A kobold skeleton (D:7)
  An orc skeleton (Orc:4)
  A quokka zombie (D:5)
  11 rats
  5 ballistomycetes (D:12)
  5 fungi (D:13)
650 creatures vanquished.

Vanquished Creatures (others)
  2 orc wizards (Orc:4)
  A giant newt (D:5)
  2 fungi (D:13)
  A plant (D:13)
6 creatures vanquished.

Grand Total: 656 creatures vanquished

Notes
Turn   | Place    | Note
--------------------------------------------------------------
     0 | D:1      | Malachi, the Gargoyle Fighter, began the quest for the Orb.
     0 | D:1      | Reached XP level 1. HP: 14/14 MP: 0/0
   306 | D:1      | Reached XP level 2. HP: 19/19 MP: 1/1
   522 | D:1      | Reached XP level 3. HP: 18/24 MP: 2/2
  1105 | D:2      | Reached skill level 4 in Shields
  1281 | D:2      | Reached XP level 4. HP: 24/28 MP: 3/3
  1337 | D:2      | Found a sparkling altar of Nemelex Xobeh.
  1911 | D:3      | Noticed Ijyb
  1924 | D:3      | Killed Ijyb
  1924 | D:3      | Reached XP level 5. HP: 33/33 MP: 4/4
  2409 | D:4      | Reached skill level 5 in Shields
  2410 | D:4      | Noticed an ogre
  2415 | D:4      | Killed an ogre
  2415 | D:4      | Reached XP level 6. HP: 30/39 MP: 5/5
  2932 | D:5      | Entered Level 5 of the Dungeon
  3042 | D:5      | Noticed Eustachio
  3083 | D:6      | Reached XP level 7. HP: 29/43 MP: 6/6
  3291 | D:6      | Reached skill level 5 in Armour
  3291 | D:6      | Reached skill level 6 in Shields
  3499 | D:5      | Found an iron altar of Okawaru.
  3508 | D:5      | Became a worshipper of Warmaster Okawaru
  3669 | D:5      | Reached skill level 5 in Maces & Flails
  3804 | D:5      | Reached XP level 8. HP: 48/48 MP: 7/7
  3995 | D:5      | Found a radiant altar of Vehumet.
  4110 | D:6      | Reached skill level 7 in Shields
  4156 | D:6      | Paralysed by a giant eyeball for 2 turns
  4160 | D:6      | Paralysed by a giant eyeball for 4 turns
  4181 | D:6      | Noticed epsilon's ghost (experienced DsSk)
  4201 | D:6      | Killed epsilon's ghost
  4201 | D:6      | Acquired Okawaru's first power
  4201 | D:6      | Reached skill level 5 in Fighting
  4428 | D:6      | Found Aguwad's Magical Wand Boutique.
  4458 | D:6      | Bought a wand of teleportation (4) for 288 gold pieces
  4555 | D:6      | Reached XP level 9. HP: 53/53 MP: 8/8
  4598 | D:6      | Reached skill level 8 in Shields
  4661 | D:6      | Found a staircase to the Ecumenical Temple.
  4759 | D:7      | Found a glowing silver altar of Zin.
  4771 | D:7      | Killed Eustachio
  4828 | D:7      | Noticed Pikel
  4870 | D:6      | Killed Pikel
  4998 | D:7      | Reached skill level 9 in Shields
  5039 | D:7      | Noticed a spriggan baker
  5049 | D:7      | Killed a spriggan baker
  5274 | D:8      | Found a bloodstained altar of Trog.
  5949 | D:9      | Reached XP level 10. HP: 60/60 MP: 9/9
  6021 | D:9      | Reached skill level 10 in Shields
  6685 | D:9      | Noticed a cyclops
  6704 | D:9      | Killed a cyclops
  7156 | D:9      | Reached skill level 11 in Shields
  7223 | D:9      | Found a staircase to the Orcish Mines.
  7283 | D:10     | Entered Level 10 of the Dungeon
  7501 | D:10     | Reached XP level 11. HP: 50/65 MP: 10/10
  7599 | D:10     | Found Lextiag's Magical Wand Emporium.
  7784 | D:10     | Got an encrusted cap
  7787 | D:10     | Identified the cursed -2 cap "Xabaett" {+Blink} (You found it on level 10 of the Dungeon)
  8515 | D:11     | Reached skill level 12 in Shields
  8590 | D:11     | Paralysed by a giant eyeball for 4 turns
  8697 | D:11     | Acquired Okawaru's second power
  9306 | D:11     | Noticed an orc knight
  9349 | D:11     | Killed an orc knight
  9396 | D:11     | Reached skill level 10 in Maces & Flails
  9699 | D:11     | Found a roughly hewn altar of Beogh.
  9817 | D:12     | Received a gift from Okawaru
 10228 | D:12     | Reached skill level 10 in Armour
 10294 | D:12     | Noticed an eight-headed hydra
 10352 | D:12     | Reached skill level 1 in Long Blades
 10519 | Orc:1    | Entered Level 1 of the Orcish Mines
 10544 | Orc:1    | Reached skill level 13 in Shields
 10584 | Orc:1    | Paralysed by an orc sorcerer for 5 turns
 10731 | Orc:1    | Noticed Edmund
 10931 | D:9      | Killed Edmund
 11158 | Orc:1    | Found an ancient bone altar of Kikubaaqudgha.
 11168 | Orc:1    | Reached XP level 12. HP: 68/72 MP: 12/12
 11170 | Orc:1    | Paralysed by an orc sorcerer for 7 turns
 11843 | Orc:3    | Found Duischi Suih's Assorted Antiques.
 12193 | Orc:2    | Found a bloodstained altar of Trog.
 12333 | Orc:4    | Entered Level 4 of the Orcish Mines
 12558 | Orc:4    | Found a staircase to the Elven Halls.
 12718 | Orc:4    | Received a gift from Okawaru
 12721 | Orc:4    | Got a jewelled great mace {god gift}
 12841 | Orc:4    | Found a roughly hewn altar of Beogh.
 12913 | Orc:4    | Noticed an orc high priest
 13152 | Orc:4    | Killed an orc high priest
 13572 | Orc:4    | Found a roughly hewn altar of Beogh.
 13613 | Orc:4    | Reached skill level 1 in Invocations
 13617 | Orc:4    | Found Twacou's Book Emporium.
 13740 | Orc:4    | Noticed Erica
 13782 | Orc:4    | Killed Erica
 13784 | Orc:4    | Noticed an orc warlord
 13929 | Orc:4    | Reached skill level 14 in Shields
 14267 | Orc:4    | Reached skill level 1 in Evocations
 14467 | Orc:4    | Killed an orc warlord
 14467 | Orc:4    | Received a gift from Okawaru
 14686 | Orc:4    | Found Wautamox's Antique Weapon Boutique.
 14686 | Orc:4    | Found a roughly hewn altar of Beogh.
 14688 | Orc:4    | Found Schuomp's Antique Armour Shop.
 14701 | Orc:4    | Bought a runed helmet for 77 gold pieces
 14766 | Orc:4    | Found a roughly hewn altar of Beogh.
 14923 | Orc:4    | Found a roughly hewn altar of Beogh.
 14941 | Orc:4    | Paralysed by an orc sorcerer for 4 turns
 14955 | Orc:4    | Found Khentagia's Distillery.
 15013 | Orc:4    | Found a roughly hewn altar of Beogh.
 15491 | Temple   | Entered the Ecumenical Temple
 16168 | D:12     | Noticed Psyche
 16176 | D:12     | Killed Psyche
 16206 | D:12     | Noticed a six-headed hydra
 16217 | D:12     | Killed a six-headed hydra
 16217 | D:12     | Reached XP level 13. HP: 76/78 MP: 16/16
 16326 | D:12     | Noticed a hill giant
 16332 | D:12     | Killed a hill giant
 16688 | D:12     | Received a gift from Okawaru
 16691 | D:12     | Got a smelly scale mail {god gift}
 16900 | D:12     | Identified the +1 scale mail of Ghit {rElec} (Okawaru gifted it to you on level 12 of the Dungeon)
 16978 | D:13     | Noticed Sonja
 16988 | D:13     | Killed Sonja
 17156 | D:13     | Found a staircase to the Lair.
 17396 | D:13     | Gained mutation: You have claws for feet. [potion of beneficial mutation]
 17435 | D:13     | Reached skill level 15 in Shields
 17801 | Lair:1   | Entered Level 1 of the Lair of Beasts
 17902 | Lair:1   | Noticed mathso's ghost (powerful DEFE)
 17905 | Lair:1   | Killed from afar by mathso's ghost

Action                   |  1- 3 |  4- 6 |  7- 9 | 10-12 | 13-15 || total
-------------------------+-------+-------+-------+-------+-------++-------
Melee: Mace              |    18 |       |       |    28 |       ||    46
       Whip              |    91 |   129 |   279 |  1649 |       ||  2148
       Falchion          |       |       |    18 |    15 |       ||    33
       Shillelagh        |       |       |       |    84 |   146 ||   230
Invok: Heroism           |       |       |       |     6 |       ||     6
Evoke: Wand              |       |       |     2 |     4 |       ||     6
  Use: Scroll            |     5 |     7 |     4 |    16 |     5 ||    37
       Potion            |       |       |     1 |     2 |     3 ||     6
 Stab: Paralysed         |       |       |       |     5 |       ||     5
